 Dungeon Crawl Stone Soup version 0.30-a0-358-g0d69a1922f (webtiles) character file.

Game seed: 13947169880826432186

22 koil the Sneak (level 2, -1/20 HPs)
             Began as a Vampire Enchanter on Nov 10, 2022.
             Slain by a goblin
             ... wielding a +0 dagger
              (2 damage)
             ... on level 2 of the Dungeon.
             The game lasted 00:02:08 (815 turns).

koil the Sneak (Vampire Enchanter)                   Turns: 815, Time: 00:02:08

Health: -1/20      AC:  2    Str:  7    XL:     2   Next: 68%
Magic:  5/5        EV: 12    Int: 17    God:
Gold:   73         SH:  0    Dex: 14    Spells: 3/5 levels left

rFire   . . .      SeeInvis +    a - +1 dagger
rCold   . . .      Faith    .    (no shield)
rNeg    . . .      Spirit   .    b - +0 robe
rPois   .          Reflect  .    (no helmet)
rElec   .          Harm     .    (no cloak)
rCorr   .          Rampage  .    (no gloves)
Will    .....                    (no boots)
Stlth   +++.......               (no amulet)
HPRegen 0.43/turn                (no ring)
MPRegen 0.09/turn                (no ring)

@: healing quickly
A: alive, fangs 3, see invisible, vampiric 1
a: Exsanguinate


You were on level 2 of the Dungeon.
You visited 1 branch of the dungeon, and saw 2 of its levels.

You collected 73 gold pieces.

Inventory:

Hand Weapons
 a - a +1 dagger (weapon)
Armour
 b - a +0 robe (worn)
Scrolls
 e - a scroll of teleportation {unknown}
 f - a scroll of butterflies {unknown}
 g - a scroll of identify {unknown}
 h - a scroll of immolation {unknown}
 k - a scroll of enchant weapon {unknown}
Potions
 c - 2 potions of invisibility
 d - 2 potions of curing {unknown}
 i - a potion of mutation {unknown}
 j - a potion of cancellation {unknown}


   Skills:
 + Level 0.5 Fighting
 + Level 1.5 Short Blades
 + Level 2.4 Dodging
 + Level 4.7 Stealth
 + Level 2.2 Spellcasting
 + Level 4.7 Hexes


You had 3 spell levels left.
You knew the following spells:

 Your Spells              Type           Power      Damage    Failure   Level
a - Ensorcelled Hibernat  Hex/Ice        18%        N/A       11%         2

Your spell library contained the following spells:

 Spells                   Type           Power      Damage    Failure   Level
 Confusing Touch          Hex            17%        N/A       9%          3
 Tukima's Dance           Hex            17%        N/A       9%          3
 Dazzling Flash           Conj/Hex       18%        N/A       22%         3


Dungeon Overview and Level Annotations

Branches:
Dungeon (2/15)

Altars:

Annotations:
D:2 Sigmund


Innate Abilities, Weirdness & Mutations

Your natural rate of healing is accelerated.
You have razor-sharp teeth.
You have supernaturally acute eyesight. (SInv)
You are afflicted with vampirism.


Message History

No target in view!
No target in view!
No target in view!
A goblin comes into view. It is wielding a +0 dagger.
No target in view!
No target in view!
No target in view!
A goblin is nearby!
A goblin comes into view. It is wielding a +0 club.
A kobold comes into view. It is wielding a +0 short sword.
The goblin shouts!
Found a lumpy golden potion.
The goblin shouts!
You hear a shout!
A goblin comes into view. It is wielding a +0 club.
Sigmund shouts!
You hit the goblin.
The goblin is moderately wounded.
You hear an angry hiss.
The goblin misses you. The goblin barely misses you.
You closely miss the goblin. Your bite misses the goblin.
The goblin is moderately wounded.
The goblin hits you with a +0 club. Sigmund gestures at you while chanting.
You are confused.
The goblin hits you with a +0 dagger.
The goblin unwields a +0 club.
The goblin wields a +0 sling.
The goblin shoots a sling bullet.
The sling bullet hits you. The goblin hits you but does no damage.
The goblin shoots a sling bullet.
The sling bullet misses you.
You're too confused to move!
The goblin hits you with a +0 club. The goblin hits you but does no damage.
The kobold hits you with a +0 short sword.
The goblin shoots a sling bullet.
The sling bullet hits you.
* * * LOW HITPOINT WARNING * * *
You're too confused to move!
You feel less confused. The goblin hits you with a +0 club.
* * * LOW HITPOINT WARNING * * *
Sigmund hits you but does no damage. The goblin hits you with a +0 dagger.
You die...

...........#....#
...##.##†#[####.#### #
...........# #....# .#
.###..$##...######.##.#
....... ###....###....#
....... #.......#...# .
......@ #####...#.###..
....... ###.......#
....... . ##@g......#
.......
.@..##.Kg..##..#
.....@.....# ...
###........# ..
#........## #....#.....
#.g#....#.##
#.!.##...... ...
#....###


You could see Sigmund, 3 goblins and a kobold.

Vanquished Creatures
  4 ball pythons (D:1)
  3 bats
  2 endoplasms (D:1)
  3 jackals (D:1)
  2 kobolds (D:1)
  A quokka (D:1)
  A frilled lizard (D:1)
  A goblin (D:1)
  3 rats
20 creatures vanquished.

Notes
Turn   | Place    | Note
-------+----------+-------------------------------------------
     0 | D:1      | koil the Vampire Enchanter began the quest for the Orb.
     0 | D:1      | Reached XP level 1. HP: 13/13 MP: 3/3
   310 | D:1      | Reached XP level 2. HP: 19/19 MP: 5/5
   313 | D:1      | Learned a level 2 spell: Ensorcelled Hibernation
   778 | D:2      | Noticed Sigmund
   814 | D:2      | HP: 3/20 [goblin/sling bullet (6)]
   815 | D:2      | HP: 1/20 [goblin/+0 club (2)]
   815 | D:2      | Slain by a goblin

Illustrated notes

Levels and vault maps discovered:
D:1:      shiori_arrival_elements, layout_loops_corners
D:2:      layout_rooms, uniq_sigmund

Action                   || total
-------------------------++-------
Melee: Dagger            ||    44
       Bite              ||     2
 Stab: Sleeping          ||     6
Armor: Robe              ||     9
Dodge: Dodged            ||    40

Table legend: (Time is in decaauts)
 A = Elapsed time spent in this place.
 B = Non-inter-level travel time spent in this place.
 C = Inter-level travel time spent in this place.
 D = Time resting spent in this place.
 E = Time spent auto-exploring this place.
 F = Levels seen in this place.
 G = Mean time per level.
                   A        B        C        D        E       F      G
               +--------+--------+--------+--------+--------+-----+--------+
         Total |    811 |    777 |     34 |      0 |    628 |   2 |  405.5 |
       Dungeon |    811 |    777 |     34 |      0 |    628 |   2 |  405.5 |
               +--------+--------+--------+--------+--------+-----+--------+

Top non-repeatable levels by time:
     D:1: 736 daAuts
     D:2: 75 daAuts
